 Dungeon Crawl Stone Soup version 0.22.1-1-ga44c0e5 (webtiles) character file.

199 Zebedee the Insei (level 5, -5/33 HPs)
             Began as an Octopode Transmuter on Oct 9, 2018.
             Slain by a centaur skeleton (6 damage)
             ... on level 4 of the Dungeon.
             The game lasted 00:07:48 (4318 turns).

Zebedee the Insei (Octopode Transmuter)             Turns: 4318, Time: 00:07:49

Health: -5/33      AC:  2    Str:  9    XL:     5   Next: 77%
Magic:  7/10       EV: 20    Int: 15    God:
Gold:   165        SH:  0    Dex: 19    Spells: 4/10 levels left

rFire    . . .     SeeInvis .     - Unarmed
rCold    . . .     Gourm    .   (shield currently unavailable)
rNeg     . . .     Faith    .   (helmet currently unavailable)
rPois    x         Spirit   .   (no amulet)
rElec    .         Reflect  .   (no ring)
rCorr    .         Harm     .   (no ring)
MR       .....                  (no ring)
Stlth    ++........             (no ring)
HPRegen  0.11/turn              (no ring)
MPRegen  0.12/turn              (no ring)
                                (no ring)
                                (no ring)

@: spider-form
A: tiny, almost no armour, stealthy swim, (amphibious), 8 rings, (constrict 8)
a: End Transformation


You were on level 4 of the Dungeon.
You were hungry.
You were a venomous arachnid creature.
You visited 1 branch of the dungeon, and saw 4 of its levels.

You collected 165 gold pieces.

Inventory:

Missiles
 a - 72 arrows
 d - 150 stones (quivered)
Scrolls
 e - 2 scrolls of enchant weapon {unknown}
 f - 2 scrolls of random uselessness {unknown}
 g - 4 scrolls of teleportation {unknown}
 i - a scroll of noise {unknown}
 j - 2 scrolls of magic mapping {unknown}
 k - 4 scrolls of identify {unknown}
 l - a scroll of enchant armour {unknown}
 o - 2 scrolls of remove curse {unknown}
Potions
 b - a potion of flight {unknown}
 h - a potion of ambrosia {unknown}
 m - a potion of brilliance {unknown}
 p - a potion of heal wounds {unknown}
 q - 2 potions of degeneration {unknown}
 r - a potion of invisibility {unknown}
Comestibles
 c - 10 rations
 n - a chunk of flesh


   Skills:
 - Level 1.0 Fighting
 - Level 2.0 Dodging
 - Level 4.0 Unarmed Combat
 + Level 3.3 Spellcasting
 + Level 3.3 Transmutations
 * Level 2.5 Poison Magic


You had 4 spell levels left.
You knew the following spells:

 Your Spells              Type           Power        Failure   Level  Hunger
a - Beastly Appendage     Tmut           ##....       14%         1    None
b - Sticks to Snakes      Tmut           ##......     21%         2    ##.....
c - Spider Form           Tmut/Pois      ##........   38%         3    ###....

Your spell library contained the following spells:

 Spells                   Type           Power        Failure   Level  Hunger
 Confusing Touch          Hex            #.....       38%         1    None
 Confuse                  Hex            #.......     71%         3    ###....
 Gell's Gravitas          Tloc           #.........   71%         3    ###....
 Ice Form                 Ice/Tmut       #.......     86%         4    ####...
 Petrify                  Tmut/Erth      #.......     86%         4    ####...
 Blade Hands              Tmut           ##........   92%         5    ######.
 Yara's Violent Unravell  Hex/Tmut       #.........   99%         5    ######.
 Metabolic Englaciation   Hex/Ice        #.........   100%        5    ######.


Dungeon Overview and Level Annotations

Branches:
Dungeon (4/15)
 Temple: D:4-7

Altars:
Nemelex Xobeh
Zin

Annotations:
D:3 exclusion: 2 downstairs
D:4 Pikel


Innate Abilities, Weirdness & Mutations

You cannot wear most types of armour.
You are very stealthy in the water. (Stealth+)
((You are amphibious.))
You can wear up to eight rings at the same time.
((You can use your tentacles to constrict eight enemies at once.))
((Your skin changes colour to match your surroundings (Stealth+).))
((Your rubbery body absorbs attacks. (AC +1, EV +1)))


Message History

You turn into a venomous arachnid creature.
The centaur skeleton closely misses you.
The centaur skeleton misses you. The centaur skeleton hits you.
* * * LOW HITPOINT WARNING * * *
The centaur skeleton misses you. x3
You hit the centaur skeleton.
The centaur skeleton is lightly damaged.
The centaur skeleton hits you.
* * * LOW HITPOINT WARNING * * *
The centaur skeleton closely misses you.
You hit the centaur skeleton but do no damage.
The centaur skeleton is lightly damaged.
The centaur skeleton hits you.
* * * LOW HITPOINT WARNING * * *
The centaur skeleton completely misses you.
You hit the centaur skeleton but do no damage.
The centaur skeleton is lightly damaged.
You are feeling hungry.
The centaur skeleton misses you. The centaur skeleton hits you.
You die...

....... ### #.# #Zo.....
..# #.# .K. ...###.# #.#
#p# #....#.# #.# #.#
#.#.#.# #.# #<#
###.....#########.#
#p............<.pp.oK...#
#..[...##.#.#.#########.#
#......##


#....ZsZKpp{op# %......# #...#########.# ..>....$ .....# #.# .......?......# #Z#
..............# #.# .......# #.# ... #. You could see Pikel, 3 slaves, an orc
priest and 2 centaur skeletons.

Vanquished Creatures
  A slave (D:3)
  A hound (D:3)
  2 orc wizards (D:3)
  4 adders
  An ooze (D:1)
  A worm (D:2)
  2 leopard geckos
  5 orcs (D:3)
  3 bats
  5 giant cockroaches
  4 goblins
  5 hobgoblins
  9 jackals
  2 quokkas (D:2)
  8 ball pythons
  3 frilled lizards
  4 kobolds
  6 rats
66 creatures vanquished.

Notes
Turn   | Place    | Note
-------+----------+-------------------------------------------
     0 | D:1      | Zebedee the Octopode Transmuter began the quest for the
                  | Orb.
     0 | D:1      | Reached XP level 1. HP: 13/13 MP: 3/3
     3 | D:1      | Noticed an electric eel
     3 | D:1      | Noticed an electric eel
   147 | D:1      | Reached XP level 2. HP: 9/18 MP: 3/5
   155 | D:1      | Learned a level 2 spell: Sticks to Snakes
   488 | D:1      | Found a sparkling altar of Nemelex Xobeh.
   863 | D:2      | Reached XP level 3. HP: 17/23 MP: 6/6
  1003 | D:2      | Learned a level 3 spell: Spider Form
  2077 | D:2      | Reached skill level 1 in Poison Magic
  2323 | D:2      | Reached XP level 4. HP: 22/28 MP: 6/8
  2783 | D:3      | Reached skill level 4 in Unarmed Combat
  2809 | D:3      | Reached XP level 5. HP: 20/33 MP: 7/9
  3309 | D:3      | Found a glowing silver altar of Zin.
  3887 | D:4      | Noticed a slave
  3887 | D:4      | Noticed a slave
  3888 | D:4      | Noticed a slave
  3890 | D:4      | Noticed Pikel
  3895 | D:4      | Noticed a slave
  3900 | D:3      | Killed a slave
  4317 | D:4      | HP: 1/33 [centaur skeleton (3)]
  4318 | D:4      | Slain by a centaur skeleton

Skill      XL: |  1  2  3  4  5 |
---------------+----------------+-----
Poison Magic   | 1 2 |  2.5
Unarmed Combat | 4 |  4.0
Spellcasting   | 3 |  3.3
Transmutations | 3 |  3.3
Fighting       | |  1.0
Dodging        | |  2.0

Action                   |  1- 3 |  4- 6 || total
-------------------------+-------+-------++-------
Melee: Unarmed           |    86 |    84 ||   170
       Kick              |    19 |    20 ||    39
       Constrict         |    21 |    19 ||    40
       Tentacles         |    11 |     8 ||    19
       Punch             |     1 |     4 ||     5
 Cast: Beastly Appendage |    21 |    12 ||    33
       Sticks to Snakes  |       |     1 ||     1
       Spider Form       |       |     5 ||     5
 Stab: Sleeping          |     3 |     3 ||     6
  Eat: Chunk             |     5 |     6 ||    11
Armor: Skin              |    10 |     7 ||    17
Dodge: Dodged            |    61 |    69 ||   130
